 Dungeon Crawl Stone Soup version 0.24.0-2-g5b39cebb1c (webtiles) character file.

Game seed: 12393007637452144620, levelgen mode: deterministic

25202 xccam the Severer (level 12, 0/101 HPs)
             Began as a Minotaur Fighter on Oct 31, 2019.
             Was a High Priest of Dithmenos.
             Killed from afar by an orc sorcerer (30 damage)
             ... with a bolt of fire
             ... while paralysed by an orc sorcerer
             ... on level 2 of the Orcish Mines.
             The game lasted 00:29:19 (12499 turns).

xccam the Severer (Minotaur Fighter)               Turns: 12499, Time: 00:29:20

Health: 0/101      AC: 19    Str: 24    XL:     12   Next: 87%
Magic:  16/16      EV:  2    Int:  5    God:    Dithmenos [*****.]
Gold:   933        SH:  0    Dex: 12    Spells: 11/11 levels left

rFire    . . .     SeeInvis .   O - +2 broad axe (freeze)
rCold    . . .     Gourm    .   c - +0 shield
rNeg     + . .     Faith    .   N - +0 plate armour
rPois    .         Spirit   .   (helmet restricted)
rElec    .         Reflect  .   C - +0 cloak
rCorr    +         Harm     .   G - +0 pair of gloves
MR       .....                  v - +0 pair of boots
Stlth    ..........             (no amulet)
HPRegen  0.26/turn              i - ring of resist corrosion
MPRegen  0.15/turn              o - ring of positive energy

@: paralysed, wreathed by umbra
A: retaliatory headbutt, horns 2
a: Shadow Step, Shadow Form, Renounce Religion


You were on level 2 of the Orcish Mines.
You worshipped Dithmenos.
Dithmenos was extremely pleased with you.
You were not hungry.

You visited 3 branches of the dungeon, and saw 15 of its levels.

You collected 1091 gold pieces.
You spent 158 gold pieces at shops.

Inventory:

Hand Weapons
 y - the +6 spear "Lugross" {drain, -Tele rC+ Str+6 Dex+3}
   (You found it on level 6 of the Dungeon)

   A truly terrible weapon, it drains the life of those it strikes.
   It affects your strength (+6).
   It affects your dexterity (+3).
   It protects you from cold.
   It prevents most forms of teleportation.
 J - the +6 glaive of Malaise {elec, -Tele rN++ Str+5}
   (You took it off a tengu warrior on level 8 of the Dungeon)

   Occasionally, upon striking a foe, it will discharge some electrical energy
   and cause terrible harm.
   It affects your strength (+5).
   It greatly protects you from negative energy.
   It prevents most forms of teleportation.
 O - a +2 broad axe of freezing (weapon)
Armour
 c - a +0 shield (worn)
 v - a +0 pair of boots (worn)
 C - a +0 cloak (worn)
 G - a +0 pair of gloves (worn)
 N - a +0 plate armour (worn)
Jewellery
 b - a +1 ring of evasion
 i - a ring of resist corrosion (left hand)
 k - a +4 ring of dexterity
 l - a +4 ring of strength
 o - a ring of positive energy (right hand)
 t - an uncursed ring of magical power
 K - a +3 ring of strength
 M - an uncursed ring of poison resistance
Wands
 q - a wand of polymorph (21)
 u - a wand of random effects (34)
 z - a wand of flame (14)
 B - a wand of enslavement (14)
Scrolls
 g - 2 scrolls of amnesia
 h - 2 scrolls of teleportation
 j - 2 scrolls of enchant weapon
 n - 4 scrolls of remove curse
 s - a scroll of fear {unknown}
 x - 3 scrolls of fog
 D - 2 scrolls of blinking {unknown}
 E - a scroll of identify
 F - a scroll of summoning {unknown}
 H - a scroll of immolation {unknown}
Potions
 d - a potion of might
 e - 9 potions of curing
 m - a potion of invisibility {unknown}
 p - 3 potions of flight
 r - 2 potions of mutation
 I - a potion of cancellation
 L - a potion of ambrosia
 P - 2 potions of heal wounds
Comestibles
 a - 8 chunks of flesh
 f - 13 rations


   Skills:
 - Level 8.0 Fighting
 * Level 16.1 Axes
 - Level 10.3 Armour
 - Level 6.1 Dodging
 + Level 11.7 Shields
 + Level 7.1 Evocations


You had 11 spell levels left.
You didn't know any spells.
Your spell library contained the following spells:

 Spells                   Type           Power        Failure   Level  Hunger
 Animate Skeleton         Necr           N/A          100%        1    ##.....
 Infusion                 Chrm           #...         100%        1    ##.....
 Pain                     Necr           #...         100%        1    ##.....
 Regeneration             Chrm/Necr      #.........   100%        3    ####...
 Vampiric Draining        Necr           #.........   100%        3    ####...
 Animate Dead             Necr           N/A          100%        4    #####..
 Summon Lightning Spire   Summ/Air       #.......     100%        4    #####..
 Silence                  Hex/Air        #.........   100%        5    ######.
 Conjure Ball Lightning   Conj/Air       #.........   100%        6    #######
 Deflect Missiles         Chrm/Air       #.........   100%        6    #######
 Tornado                  Air            #.........   100%        9    #######


Dungeon Overview and Level Annotations

Branches:
Dungeon (12/15)            Temple (0/1) D:4            Lair (1/6) D:9
    Orc (2/2) D:11            Elf (0/3) Orc:2

Altars:
Dithmenos
Sif Muna
Trog
Xom
The Shining One
Beogh

Shops:
D:4 !   D:6 *?[   D:9 :

Annotations:
D:8 , 1 runed translucent door


Innate Abilities, Weirdness & Mutations

You reflexively headbutt those who attack you in melee.
You have a pair of horns on your head.


Message History

The orc warrior no longer looks unusually strong.
The orc warlord roars a battlecry!
The orc warrior goes into a battle-frenzy!
You hear a shout!
The orc warlord roars a battlecry!
You hear a shout!
The orc warlord roars a battlecry!
Found 17 gold pieces.
An orc sorcerer comes into view.
It is wielding a +0 dagger and wearing a +2 robe of the Archmagi.
The orc sorcerer shouts!
You block the orc warrior's attack.
The orc sorcerer points at you and mumbles some strange words.
You suddenly lose the ability to move!
You hear the rumble of a distant avalanche of rocks.
The orc warrior hits you with a +0 mace!
The orc warrior hits you with a +0 mace!
* * * LOW HITPOINT WARNING * * *
The orc sorcerer points at you and mumbles some strange words.
The bolt of fire hits you!!
You die...

.## ...# .....
..#... ...#..#
..#..$.##
......#.## ##
.....o.@.# ..
.......o## #
........######
.............#
...##+######.#
.# #.# #.# #.#
#.#


You could see an orc sorcerer and an orc warrior.

Vanquished Creatures
  The ghost of AlterAsc the Destroyer, a journeyman TeAE of Kikubaaqudgha (D:12)
  Fannar (D:10)
  A two-headed ogre (D:10)
  9 death yaks (D:9)
  A tengu warrior (D:8)
  The ghost of ponobo the Destroyer, a novice DrCj of Dithmenos (D:8)
  3 skeletal warriors
  A manticore (D:11)
  A cyclops (Orc:1)
  A moth of wrath (D:8)
  Psyche (D:8)
  2 gargoyles (D:12)
  2 trolls (D:9)
  A hornet (D:11)
  A hippogriff (D:11)
  A hungry ghost (D:7)
  14 yaks
  A wyvern (D:9)
  A warg (Orc:1)
  An acid dragon (D:10)
  A soldier ant (D:10)
  Duvessa (D:6)
  2 black bears
  11 orc warriors
  A phantom (D:5)
  3 necrophages
  10 ogres
  13 centaurs
  A crocodile (D:9)
  3 big kobolds
  7 bullfrogs
  A wyvern zombie (D:11)
  Dowan (D:6)
  4 scorpions
  53 killer bees
  8 wights
  2 howler monkeys (D:10)
  3 electric eels (D:9)
  7 crimson imps
  A bullfrog zombie (D:9)
  2 centaur zombies
  A quasit (D:4)
  6 jellies
  13 orc priests
  4 hounds
  2 bullfrog skeletons
  2 centaur skeletons
  4 iguanas
  11 orc wizards
  13 worker ants
  A hound zombie (D:7)
  2 hound skeletons
  A worker ant zombie (D:6)
  18 adders
  6 gnolls (D:4)
  A howler monkey skeleton (D:7)
  A shadow imp (D:6)
  2 adder zombies
  An adder skeleton (D:7)
  5 worms
  6 dart slugs
  5 leopard geckos
  50 orcs
  2 ball pythons
  11 giant cockroaches
  8 goblins
  12 hobgoblins
  20 jackals
  3 quokkas
  8 bats
  A frilled lizard (D:1)
  14 kobolds
  2 leopard gecko skeletons
  6 rats
422 creatures vanquished.

Vanquished Creatures (others)
  An orc warrior (Orc:2)
1 creature vanquished.

Grand Total: 423 creatures vanquished

Notes
Turn   | Place    | Note
-------+----------+-------------------------------------------
     0 | D:1      | xccam the Minotaur Fighter began the quest for the Orb.
     0 | D:1      | Reached XP level 1. HP: 19/19 MP: 0/0
    22 | D:1      | Reached skill level 3 in Axes
    58 | D:1      | Reached XP level 2. HP: 17/26 MP: 1/1
   162 | D:1      | Reached skill level 4 in Axes
   337 | D:1      | Reached XP level 3. HP: 31/31 MP: 2/2
   665 | D:2      | Noticed a bullfrog
   670 | D:2      | Killed a bullfrog
   670 | D:2      | Reached skill level 5 in Axes
   670 | D:2      | Reached XP level 4. HP: 17/39 MP: 3/3
   713 | D:2      | Reached skill level 6 in Axes
   767 | D:2      | Reached XP level 5. HP: 27/45 MP: 4/4
   863 | D:2      | Found a faded altar of an unknown god.
   868 | D:2      | Became a worshipper of Dithmenos the Shadowed
   868 | D:2      | Reached * piety under Dithmenos
  1198 | D:2      | Found a glowing golden altar of the Shining One.
  1556 | D:3      | Reached ** piety under Dithmenos
  1910 | D:4      | Reached XP level 6. HP: 38/51 MP: 5/5
  1913 | D:4      | Found a shimmering altar of Xom.
  1964 | D:4      | Found Sufukel's Distillery.
  1972 | D:4      | Bought a potion of heal wounds for 50 gold pieces
  1972 | D:4      | Bought a potion of curing for 30 gold pieces
  2085 | D:4      | Reached skill level 7 in Axes
  2280 | D:4      | Reached skill level 5 in Armour
  2291 | D:4      | Found a staircase to the Ecumenical Temple.
  2818 | D:5      | Entered Level 5 of the Dungeon
  2833 | D:5      | Reached XP level 7. HP: 47/57 MP: 6/6
  3041 | D:5      | Reached skill level 5 in Shields
  3088 | D:5      | Reached skill level 8 in Axes
  3378 | D:5      | Reached skill level 9 in Axes
  3522 | D:6      | Reached XP level 8. HP: 58/64 MP: 2/7
  3612 | D:6      | Got a transparent spear
  3613 | D:6      | Identified the +6 spear "Lugross" {drain, -Tele rC+ Str+6
                  | Dex+3} (You found it on level 6 of the Dungeon)
  3657 | D:6      | HP: 1/64 [orc priest/divine providence (11)]
  3927 | D:6      | Reached skill level 10 in Axes
  3933 | D:6      | Reached *** piety under Dithmenos
  4260 | D:6      | Found Zoxutzoz's Antique Armour Emporium.
  4331 | D:6      | Noticed Duvessa
  4331 | D:6      | Noticed Dowan
  4358 | D:6      | Killed Dowan
  4362 | D:6      | Killed Duvessa
  4726 | D:6      | Found Mopoorghi's Magic Scroll Shoppe.
  4734 | D:6      | Bought 3 scrolls of identify for 78 gold pieces
  4766 | D:6      | Found Itassut's General Store.
  4923 | D:7      | Reached XP level 9. HP: 58/70 MP: 8/8
  5028 | D:7      | Reached skill level 11 in Axes
  5600 | D:8      | Reached skill level 1 in Evocations
  5664 | D:8      | Found a bloodstained altar of Trog.
  5670 | D:8      | Noticed ponobo's ghost (novice DrCj)
  5670 | D:8      | Identified the +6 glaive of Malaise {elec, -Tele rN++
                  | Str+5}
  5670 | D:8      | Noticed a tengu warrior
  5729 | D:8      | Noticed a moth of wrath
  5732 | D:8      | Found a transporter.
  5734 | D:8      | Found a transporter.
  6048 | D:8      | Reached skill level 1 in Dodging
  6081 | D:8      | Noticed Psyche
  6088 | D:8      | Killed Psyche
  6208 | D:8      | Noticed a sixfirhy
  6209 | D:8      | Found a runed translucent door.
  6236 | D:8      | Reached **** piety under Dithmenos
  6487 | D:9      | Noticed a troll
  6498 | D:9      | Killed a troll
  6498 | D:9      | Reached skill level 5 in Fighting
  6512 | D:9      | Found Pun Xuri's Book Emporium.
  6574 | D:9      | Reached skill level 12 in Axes
  6925 | D:9      | Noticed a troll
  6931 | D:9      | Reached XP level 10. HP: 60/81 MP: 10/10
  7434 | D:9      | Noticed a death yak
  7434 | D:9      | Noticed a death yak
  7434 | D:9      | Noticed a death yak
  7435 | D:9      | Noticed a death yak
  7435 | D:9      | Noticed a death yak
  7436 | D:9      | Noticed a death yak
  7436 | D:9      | Noticed a death yak
  7437 | D:9      | Noticed a death yak
  7442 | D:9      | Noticed a death yak
  7449 | D:9      | Killed a death yak
  7453 | D:9      | Killed a death yak
  7453 | D:9      | Killed a death yak
  7455 | D:9      | Killed a death yak
  7455 | D:9      | Reached skill level 13 in Axes
  7458 | D:9      | Killed a death yak
  7458 | D:9      | Killed a death yak
  7458 | D:9      | Reached XP level 11. HP: 36/91 MP: 11/13
  7464 | D:9      | Killed a death yak
  7465 | D:9      | Killed a death yak
  7470 | D:9      | Killed a death yak
  7470 | D:9      | Reached skill level 5 in Dodging
  7476 | D:9      | Found a staircase to the Lair.
  8063 | Lair:1   | Entered Level 1 of the Lair of Beasts
  8083 | D:10     | Entered Level 10 of the Dungeon
  8653 | D:10     | Reached skill level 10 in Armour
  8693 | D:10     | Noticed a two-headed ogre
  8701 | D:10     | Killed a two-headed ogre
  8701 | D:10     | Reached skill level 10 in Shields
  8948 | D:10     | Reached skill level 14 in Axes
  9000 | D:10     | Noticed Fannar
  9019 | D:10     | Killed Fannar
  9019 | D:10     | Reached skill level 5 in Evocations
  9325 | D:11     | Reached ***** piety under Dithmenos
  9336 | D:11     | Found a staircase to the Orcish Mines.
  9776 | D:11     | Reached XP level 12. HP: 61/101 MP: 13/15
 10585 | D:12     | Found a runed translucent door.
 10585 | D:12     | Noticed AlterAsc's ghost (journeyman TeAE)
 10678 | D:12     | Killed AlterAsc's ghost
 10720 | D:12     | Reached skill level 15 in Axes
 11505 | D:12     | Noticed a two-headed ogre
 11505 | D:12     | Noticed a centaur warrior
 11506 | D:12     | Noticed a two-headed ogre
 11511 | D:12     | Noticed a two-headed ogre
 11512 | D:12     | Noticed a two-headed ogre
 11513 | D:12     | Noticed a centaur warrior
 11760 | D:8      | Killed a tengu warrior
 11769 | D:8      | Killed ponobo's ghost
 11916 | Orc:1    | Entered Level 1 of the Orcish Mines
 12026 | Orc:1    | Found a shimmering blue altar of Sif Muna.
 12092 | Orc:1    | Found a roughly hewn altar of Beogh.
 12101 | Orc:1    | Reached skill level 16 in Axes
 12191 | Orc:1    | Identified Sif Muna's Compendium of Aid
 12240 | Orc:2    | Entered Level 2 of the Orcish Mines
 12258 | Orc:2    | Found a roughly hewn altar of Beogh.
 12331 | Orc:2    | Found a staircase to the Elven Halls.
 12397 | Orc:2    | Noticed an orc warlord
 12495 | Orc:2    | Paralysed by an orc sorcerer for 5 turns
 12499 | Orc:2    | Killed from afar by an orc sorcerer

Levels and vault maps discovered:
D:1:      shiori_arrival_oz, layout_basic, chequers_serial_rivers_marsh
D:2:      layout_loops_ring, tso_altar, chequers_ecumenical_altar_simple
D:3:      layout_loops_ring
D:4:      layout_basic, minmay_temple_entry_arrows, serial_shops,
          shop_fountains, tgw_xom
D:5:      layout_basic, first_ration, serial_rivers,
          chequers_serial_rivers_micro_d, chequers_serial_rivers_marsh,
          chequers_serial_rivers_small_a, chequers_serial_rivers_room_b,
          chequers_serial_rivers_micro_a, hangedman_decor_peaks_small
D:6:      layout_loops_ring, serial_shops, shop, kennysheep_mini_moat,
          shop_fountains, kennysheep_cross_room, uniq_duvessa
D:7:      layout_loops_ring, minmay_diced_spiral
D:8:      cheibrodos_shockbox, layout_loops_corners,
          gammafunk_ghost_wrathful_warriors, uniq_psyche
D:9:      layout_basic, dpeg_lair_monsters, serial_shops, shop
D:10:     layout_roguey, uniq_fannar
D:11:     layout_basic, orc_0_dummy
D:12:     wad_woods_minihive, layout_cave_pools, gammafunk_ghost_grave
Lair:1:   layout_gridlike, uniq_gastronok
Orc:1:    nicolae_orc_accident_2, layout_diamond_mine, serial_shops, shop,
          led_sif_book
Orc:2:    grunt_orc_community_town_hall, layout_diamond_mine,
          grunt_orc_community_big_house_2, grunt_orc_community_big_house_2,
          grunt_orc_community_house_3, grunt_orc_community_house_3,
          grunt_orc_community_house_1, grunt_orc_community_house_2,
          grunt_orc_community_house_2, grunt_orc_community_house_2,
          nicolae_volcano_entry_s_turn

Skill      XL: |  1  2  3  4  5  6  7  8  9 10 11 12 |
---------------+-------------------------------------+-----
Axes           | 3 4 5 6 7 9 10 12 13 14 16 | 16.1
Armour         | 4 5 6 7 8 9 10 | 10.3
Shields        | 4 6 7 8 9 10 11 | 11.7
Fighting       | 5 6 8 |  8.0
Evocations     | 2 4 5 7 |  7.1
Dodging        | 2 4 6 |  6.1

Action                   |  1- 3 |  4- 6 |  7- 9 | 10-12 || total
-------------------------+-------+-------+-------+-------++-------
Melee: War axe           |    72 |   194 |   312 |   679 ||  1257
       Headbutt          |     6 |    22 |    69 |   147 ||   244
       Spear             |       |       |     2 |       ||     2
       Broad axe         |       |       |       |    52 ||    52
Invok: Shadow Step       |       |       |     1 |     5 ||     6
Evoke: Wand              |       |       |     5 |    11 ||    16
  Use: Scroll            |     2 |     1 |    11 |     6 ||    20
       Potion            |       |       |     2 |     8 ||    10
 Stab: Paralysed         |       |       |    11 |       ||    11
  Eat: Chunk             |       |     5 |    15 |    10 ||    30
       Ration            |       |       |       |     3 ||     3
Armor: Scale mail        |    31 |    76 |    47 |       ||   154
       Chain mail        |       |       |    39 |    82 ||   121
       Plate armour      |       |       |       |   145 ||   145
Dodge: Dodged            |    25 |    60 |    88 |   227 ||   400
Block: Shield            |    33 |   120 |   150 |   414 ||   717
